Map: Chantier naval orbital

Players

AgCl

  • Race: Protoss Protoss
  • League: Grandmaster

Infinity - Winner!

  • Race: Terran Terran
  • League: Grandmaster

VOD

Have the link to the VOD?

Description

Time

  • Played on: July 2, 2015, 6:52 p.m.
  • Length: 16:44
Show
View Real Time Build Order
Export as new Build Order

AgCl Protoss 

Build Orders: Oracle Opening 

Get SALT Encoding   

  12  0:11  Pylon  
  12  0:13  Probe  
  13  0:25  Probe  
  14  0:38  Probe  
  14  0:42  Gateway  
  15  0:50  Probe  
  16  1:02  Probe (Chrono Boost)  
  17  1:13  Probe (Chrono Boost)  
  18  1:19  Probe (Chrono Boost)  
  18  1:22  Pylon  
  19  1:26  Assimilator  
  19  1:31  Probe  
  20  1:33  Zealot (Chrono Boost)  
  22  1:40  Cybernetics Core  
  22  1:43  Probe  
  22  1:46  Assimilator  
  23  1:55  Probe (Chrono Boost)  
  24  2:06  Pylon  
  24  2:07  Probe (Chrono Boost)  
  25  2:13  Probe (Chrono Boost)  
  26  2:24  Probe (Chrono Boost)  
  27  2:30  Stargate  
  27  2:31  Probe (Chrono Boost)  
  28  2:41  Probe  
  29  2:53  Probe  
  30  3:03  Nexus  
  30  3:05  Probe  
  30  3:06  Warp Gate  
  31  3:16  Oracle (Chrono Boost)  
  31  3:18  Probe  
  35  3:30  Probe  
  35  3:31  Nexus  
  36  3:38  Assimilator  
  36  3:45  Mothership Core (Chrono Boost)  
  36  3:49  Adept (Chrono Boost)  
  38  3:58  Pylon  
  38  4:17  Probe (Chrono Boost)  
  40  4:20  Probe (Chrono Boost)  
  40  4:29  Probe (Chrono Boost)  
  41  4:33  Probe  
  42  4:38  Fleet Beacon  
  42  4:40  Probe (Chrono Boost)  
  42  4:45  Probe (Chrono Boost)  
  45  4:46  Probe (Chrono Boost)  
  45  4:47  Assimilator  
  45  4:52  Probe (Chrono Boost)  
  46  4:57  Probe (Chrono Boost)  
  46  4:59  Pylon, Assimilator  
  48  5:00  Probe (Chrono Boost), Carrier (Chrono Boost)  
  48  5:03  Probe (Chrono Boost)  
  48  5:04  Probe (Chrono Boost)  
  51  5:14  Probe (Chrono Boost)  
  51  5:19  Probe (Chrono Boost)  
  56  5:35  Forge  
  56  5:37  Probe (Chrono Boost)  
  56  5:38  Stargate  
  56  5:41  Pylon  
  59  5:43  Probe x2 (Chrono Boost)  
  59  5:44  Assimilator  
  59  5:46  Probe (Chrono Boost)  
  61  5:50  Probe (Chrono Boost)  
  61  5:51  Gateway  
  61  5:55  Gateway x2  
  61  5:59  Pylon, Carrier (Chrono Boost)  
  61  6:03  Probe (Chrono Boost), Carrier (Chrono Boost)  
  64  6:06  Probe (Chrono Boost)  
  64  6:08  Probe (Chrono Boost)  
  73  6:29  Probe (Chrono Boost)  
  73  6:32  Probe (Chrono Boost), Photon Cannon  
  75  6:34  Probe (Chrono Boost)  
  77  6:41  Protoss Air Weapons Level 1 (Chrono Boost)  
  77  6:42  Graviton Catapult  
  77  6:44  Probe (Chrono Boost)  
  77  6:46  Probe (Chrono Boost)  
  79  6:47  Probe (Chrono Boost)  
  79  6:51  Adept  
  79  6:52  Adept  
  83  7:01  Probe  
  83  7:06  Probe, Protoss Ground Weapons Level 1  
  83  7:07  Probe  
  86  7:13  Probe  
  86  7:18  Carrier (Chrono Boost)  
  78  7:27  Adept x4  
  80  7:31  Probe (Chrono Boost)  
  80  7:35  Photon Cannon  
  83  7:37  Probe x2 (Chrono Boost), Pylon  
  83  7:42  Probe (Chrono Boost)  
  90  7:50  Pylon  
  93  7:53  Mothership Core (Chrono Boost)  
  93  7:56  Probe (Chrono Boost)  
  93  7:57  Probe (Chrono Boost)  
  94  8:02  Probe  
  94  8:04  Probe, Adept x2  
  98  8:18  Carrier (Chrono Boost)  
  98  8:30  Gateway, Photon Cannon  
  98  8:31  Adept, Pylon, Photon Cannon  
  98  8:32  Adept  
  108  8:37  Twilight Council  
  100  8:41  Carrier (Chrono Boost)  
  100  9:04  Probe (Chrono Boost)  
  100  9:07  Gateway  
  100  9:08  Gateway  
  103  9:10  Probe x2 (Chrono Boost)  
  103  9:13  Probe (Chrono Boost)  
  103  9:14  Adept  
  103  9:15  Adept x3  
  113  9:17  Probe (Chrono Boost)  
  113  9:26  Templar Archives  
  113  9:28  Pylon  
  111  9:33  Carrier x2 (Chrono Boost)  
  97  9:56  Psionic Storm  
  97  9:57  Adept  
  97  9:59  Adept x2  
  115  10:00  Adept  
  117  10:15  Protoss Air Weapons Level 2 (Chrono Boost)  
  117  10:23  Protoss Ground Weapons Level 2  
  115  10:40  Forge  
  111  10:45  Adept, Pylon  
  111  10:46  Adept x2  
  111  10:48  High Templar x3  
  123  10:54  Archon  
  123  10:56  Adept  
  125  11:00  Shield Upgrade  
  115  11:21  Adept x2  
  115  11:23  Adept  
  115  11:34  Adept  
  115  11:39  High Templar x2  
  121  11:50  High Templar x2  
  125  11:55  Nexus  
  125  11:58  Pylon  
  125  12:00  Carrier (Chrono Boost)  
  125  12:04  High Templar x2  
  125  12:08  Dark Shrine  
  129  12:10  Assimilator  
  129  12:12  Pylon  
  129  12:22  Assimilator  
  135  12:35  Protoss Shields Level 1 (Chrono Boost)  
  135  12:41  Protoss Air Weapons Level 3 (Chrono Boost)  
  135  12:43  Protoss Ground Weapons Level 3 (Chrono Boost)  
  135  12:49  Photon Cannon  
  135  13:02  Robotics Facility  
  127  13:29  Carrier (Chrono Boost)  
  127  13:31  Archon  
  91  13:34  Archon  
  91  13:36  Carrier (Chrono Boost)  
  91  13:37  Dark Templar x4  
  91  13:38  Dark Templar  
  97  13:48  Observer  
  91  13:53  Archon  
  91  13:54  Archon  
  104  14:16  Nexus  
  104  14:18  Pylon  
  104  14:22  Observer, Pylon  
  104  14:26  Stargate  
  104  14:27  Pylon  
  104  14:28  Gateway, Charge (Chrono Boost)  
  102  14:41  Dark Templar x2, Pylon  
  102  14:42  Dark Templar x2, Adept, Carrier  
  102  14:43  Adept  
  114  15:06  Zealot  
  122  15:07  Zealot  
  124  15:21  Pylon  
  110  15:50  Dark Templar x3  
  110  15:54  Archon x3  
  72  16:15  Adept x2  
  72  16:16  Adept  
  78  16:26  Gateway x2  
  78  16:29  Gateway  
  78  16:34  Pylon  
Show
View Real Time Build Order
Export as new Build Order

Infinity Terran - Winner!

Build Orders:  

Get SALT Encoding   

  12  0:02  SCV  
  13  0:14  SCV  
  13  0:19  Supply Depot  
  14  0:26  SCV  
  15  0:41  SCV  
  15  0:42  Barracks  
  16  1:06  SCV  
  17  1:31  SCV  
  18  1:40  Command Center  
  18  1:43  SCV  
  19  1:53  Refinery  
  19  1:55  SCV  
  19  1:58  Supply Depot  
  19  1:59  Marine  
  19  2:01  Barracks  
  21  2:09  Engineering Bay  
  21  2:13  Orbital Command  
  21  2:23  Marine  
  23  2:44  SCV  
  23  2:53  SCV  
  23  2:54  Reaper  
  23  2:55  Marine  
  23  2:56  SCV  
  27  3:05  SCV  
  28  3:08  SCV  
  29  3:13  Refinery  
  29  3:19  SCV  
  29  3:23  SCV  
  29  3:24  Barracks Tech Lab  
  30  3:30  Missile Turret  
  30  3:31  SCV  
  31  3:36  SCV  
  32  3:43  SCV  
  32  3:48  SCV  
  34  3:51  Barracks Reactor  
  34  3:55  SCV, Factory  
  34  4:00  SCV, Marine  
  37  4:08  SCV  
  38  4:12  SCV  
  38  4:14  Stimpack  
  38  4:15  Command Center  
  39  4:20  SCV  
  38  4:24  SCV, Marine  
  40  4:32  SCV  
  40  4:36  SCV  
  40  4:38  Marine x2  
  44  4:42  Marine  
  44  4:43  Missile Turret  
  44  4:44  SCV  
  46  4:46  Barracks  
  46  4:47  Terran Infantry Weapons Level 1  
  46  4:48  Barracks  
  46  4:52  Supply Depot  
  46  5:00  Supply Depot  
  46  5:05  Refinery  
  46  5:06  Orbital Command  
  46  5:09  SCV  
  46  5:17  Factory Reactor  
  46  5:18  Starport  
  46  5:21  SCV, Marine x2  
  49  5:29  SCV  
  49  5:33  Missile Turret  
  49  5:34  SCV  
  50  5:37  SCV  
  50  5:40  Supply Depot  
  51  5:46  SCV  
  51  5:47  Barracks Reactor, Barracks Tech Lab  
  52  5:50  SCV, Barracks  
  52  5:51  Marine  
  52  5:53  SCV  
  55  5:57  Refinery  
  55  5:58  SCV  
  55  6:02  SCV  
  55  6:04  Refinery  
  57  6:06  Marine x2  
  57  6:07  Marine  
  57  6:09  Marine  
  57  6:10  SCV x2  
  63  6:15  SCV  
  64  6:22  SCV x2  
  64  6:24  Factory Tech Lab  
  66  6:25  Marine  
  66  6:26  Marine x4  
  66  6:27  SCV, Marine  
  66  6:30  Concussive Shells  
  73  6:34  SCV x2  
  73  6:36  Supply Depot, Medivac  
  73  6:37  Medivac  
  73  6:39  SCV  
  79  6:41  Marine  
  79  6:42  Refinery  
  79  6:43  Marine x2  
  79  6:44  Marauder, Marine  
  79  6:46  Supply Depot  
  85  6:49  Supply Depot  
  85  6:56  Supply Depot  
  85  6:57  Orbital Command  
  85  6:58  SCV, Marauder, Marine  
  85  6:59  Marine  
  90  7:02  Cyclone  
  90  7:04  Terran Infantry Armor Level 1  
  90  7:06  Armory  
  90  7:07  Marine x2  
  90  7:08  SCV, Engineering Bay  
  96  7:09  Marine  
  96  7:10  SCV  
  96  7:11  Supply Depot  
  96  7:12  Supply Depot  
  96  7:13  Marine  
  98  7:15  Marine  
  98  7:20  SCV  
  98  7:22  SCV  
  100  7:26  Marine x3  
  100  7:27  Medivac, Marine  
  100  7:28  Marine, Medivac  
  100  7:29  SCV  
  110  7:32  Supply Depot, SCV  
  110  7:33  Marine  
  110  7:34  SCV  
  113  7:39  Siege Tank, Marine  
  113  7:43  SCV  
  113  7:44  SCV, Marine  
  119  7:46  Supply Depot  
  119  7:47  Supply Depot  
  119  7:50  SCV, Marine  
  122  7:53  Marine  
  122  7:55  SCV, Supply Depot  
  122  7:57  Medivac  
  122  7:58  Medivac  
  126  8:00  Marine  
  126  8:02  Marine x3  
  126  8:04  Marine  
  126  8:08  Marine  
  126  8:11  Marine  
  127  8:18  Marine  
  127  8:19  Marine  
  104  8:20  Marine x2  
  104  8:22  Marine  
  104  8:26  Marine  
  98  8:29  SCV, Marine  
  98  8:31  Viking, Medivac  
  105  8:34  SCV  
  105  8:35  Marine  
  105  8:37  Marine x2  
  105  8:38  SCV, Marine  
  105  8:40  Marine  
  106  8:41  SCV  
  106  8:44  Marine  
  106  8:46  Marine  
  107  8:53  Marine  
  107  8:55  Marine x2  
  106  8:56  Marine  
  106  8:58  Marine  
  106  9:01  Viking, Medivac  
  106  9:02  Marine  
  114  9:03  Starport  
  114  9:04  Marine  
  113  9:11  Marine  
  113  9:12  SCV  
  113  9:13  Marine x2  
  113  9:14  Marine  
  113  9:16  Marine  
  119  9:19  Marine  
  119  9:20  Terran Infantry Weapons Level 2  
  119  9:21  Terran Infantry Armor Level 2  
  119  9:22  Marine  
  121  9:29  Marine  
  121  9:31  Marine x2  
  115  9:32  Marine  
  115  9:33  Marine  
  115  9:37  Marine  
  115  9:40  Marine  
  115  9:42  Supply Depot, Starport  
  115  9:43  Starport Reactor  
  116  9:47  Marine  
  116  9:48  Marine  
  116  9:49  Marine x2  
  116  9:51  Armory, Marine  
  121  9:55  Marine  
  121  9:56  Liberator  
  121  9:58  SCV x3, Marine  
  126  10:04  Marine  
  126  10:06  Marine x2  
  128  10:07  Marine  
  128  10:09  Marine  
  128  10:10  Supply Depot  
  128  10:12  Viking  
  128  10:13  Marine  
  136  10:16  Marine  
  136  10:20  Command Center  
  137  10:22  Marine  
  137  10:24  Marine x2  
  137  10:25  Marine  
  137  10:27  Marine  
  137  10:28  Command Center  
  137  10:31  Marine  
  137  10:33  Marine  
  133  10:40  Marine  
  133  10:42  Marine x2  
  130  10:43  Marine  
  130  10:45  Marine  
  130  10:47  Viking, Starport Reactor  
  130  10:49  Supply Depot, SCV, Marine  
  129  10:51  Marine  
  129  10:55  Liberator x2  
  129  10:58  Marine  
  129  11:00  Marine x2  
  129  11:01  Marine  
  129  11:02  Marine  
  121  11:06  Marine  
  121  11:09  Marine  
  121  11:12  Viking  
  121  11:16  Marine  
  121  11:17  Viking  
  121  11:18  Marine x2  
  132  11:19  Marauder, Terran Ship Armor Level 1, Terran Ship Weapons Level 1  
  132  11:20  Marine  
  132  11:22  Barracks  
  132  11:24  SCV, Marine  
  137  11:26  Barracks  
  137  11:27  Marine  
  137  11:32  Supply Depot  
  136  11:33  Marine  
  136  11:35  Marine  
  136  11:36  Marine  
  136  11:39  Marauder  
  141  11:40  SCV, Marine  
  141  11:42  Marine  
  141  11:44  Starport  
  141  11:45  Missile Turret, Marine  
  145  11:48  Planetary Fortress  
  145  11:51  Marine  
  145  11:53  Marine x2  
  148  11:54  SCV  
  148  11:55  SCV  
  148  11:57  Factory Tech Lab  
  148  12:00  Liberator  
  148  12:01  Marine, Liberator  
  150  12:06  SCV, Starport  
  150  12:08  Terran Infantry Weapons Level 3, Terran Infantry Armor Level 3  
  152  12:09  Marine  
  152  12:10  Refinery, Marine x3  
  152  12:15  Marine x2  
  155  12:18  Viking x2  
  155  12:20  Barracks Reactor  
  155  12:21  Barracks Reactor  
  155  12:22  Combat Shields  
  165  12:26  Marine  
  165  12:27  Fusion Core, Marine  
  165  12:28  Marine  
  168  12:32  Starport  
  168  12:33  Liberator x2  
  168  12:37  Marine  
  168  12:39  Marine x2  
  168  12:42  Liberator  
  168  12:43  Marine, Liberator  
  172  12:44  Marine  
  172  12:45  Refinery  
  172  12:46  Refinery  
  172  12:49  Marine  
  172  12:51  Viking  
  179  12:54  Marine  
  179  12:55  Marine  
  179  12:57  Marine x2  
  183  13:02  Starport Tech Lab  
  122  13:37  Marine  
  122  13:38  Marine  
  122  13:39  Marine x3  
  113  13:45  Marine  
  113  13:46  Marauder x2, Marine x3  
  115  13:50  Weapon Refit  
  115  13:55  Marine  
  114  13:56  Marine x2, Medivac x4  
  114  13:57  Marine x2  
  126  14:03  Marine x2  
  126  14:04  Refinery  
  126  14:07  Marine  
  126  14:08  Marauder x2  
  133  14:13  Starport Tech Lab  
  133  14:15  Command Center  
  133  14:18  Marine x3  
  133  14:19  Marine x2  
  133  14:23  Marine x3  
  141  14:24  Marine  
  141  14:27  Command Center  
  141  14:29  Marauder x2  
  146  14:33  Behemoth Reactor  
  146  14:35  Marine  
  146  14:36  Marine x2  
  146  14:37  Marine  
  149  14:41  Marine  
  149  14:43  Siege Tank  
  153  14:50  Marauder x2, Marine  
  158  14:55  Marine x2  
  158  14:59  Marine x2  
  162  15:00  Marine  
  162  15:03  Battlecruiser x2  
  162  15:04  Marine  
  176  15:10  SCV  
  176  15:12  Marauder x2  
  176  15:14  Marine x2  
  181  15:15  Marine  
  181  15:16  Marine  
  181  15:17  Marine  
  181  15:18  Marine  
  181  15:20  Marine  
  188  15:33  Marauder  
  188  15:40  Unknown  
  167  15:47  Refinery  
  129  15:51  Refinery  
  101  15:59  Marine x2  
  101  16:00  Marine x3  
  101  16:01  Marauder x2, Marine x3  
  101  16:03  Marine  
  103  16:17  Marine x2  
  103  16:18  Marine x4  
  107  16:20  Missile Turret  
  107  16:22  Marauder x2  
  115  16:34  Unknown  
Tags
 
Add a new tag
Caveats
  • Supply blocks, unpowered buildings, or Contaminate may cause inaccurate times.
  • Supply counts are checked every 10 seconds.